 Dungeon Crawl Stone Soup version 0.29.1-12-g30fa7ad0bf (webtiles) character file.

Game seed: 12003817315113340023

0 wrenrar the Magician (level 1, 0/15 HPs)
             Began as a Djinni Summoner on Jan 9, 2023.
             Slain by a kobold
             ... wielding a +3 short sword
              (3 damage)
             ... on level 1 of the Dungeon.
             The game lasted 00:01:11 (54 turns).

wrenrar the Magician (Djinni Summoner)                Turns: 54, Time: 00:01:12

Health: 0/15       AC:  2    Str:  7    XL:     1   Next: 0%
Gold:   0          EV: 12    Int: 16    God:
                   SH:  0    Dex: 13

rFire   + + .      SeeInvis .   (no weapon)
rCold   x . .      Faith    .   (no shield)
rNeg    . . .      Spirit   .   a - +0 robe
rPois   ∞          Reflect  .   (no helmet)
rElec   .          Harm     .   (no cloak)
rCorr   .          Rampage  .   (no gloves)
Will    .....                   (boots unavailable)
Stlth   ++........              (no amulet)
HPRegen 0.05/turn               (no ring)
MPRegen 0.00/turn               (no ring)

@: flying
A: sickness immunity, fire resistance 2, cold vulnerability 1, float, innate
caster, HP casting, extra vitality 1
a: no special abilities


You were on level 1 of the Dungeon.
You visited 1 branch of the dungeon, and saw 1 of its levels.

Inventory:

Armour
 a - a +0 robe (worn)


   Skills:
 + Level 0.0 Staves
 * Level 2.1 Dodging
 - Level 1.5 Stealth
 * Level 0.0 Unarmed Combat
 + Level 3.2 Spellcasting
 + Level 0.0 Evocations


You couldn't memorise any spells.
You knew the following spells:

 Your Spells              Type           Power      Damage    Failure   Level
a - Summon Small Mammal   Summ           52%        N/A       4%          1
b - Call Imp              Summ           13%        N/A       7%          2
c - Call Canine Familiar  Summ           13%        N/A       14%         3
d - Summon Guardian Gole  Hex/Summ       13%        N/A       14%         3
e - Summon Lightning Spi  Summ/Air       13%        N/A       43%         4
Your spell library was empty.

Dungeon Overview and Level Annotations

Branches:
Dungeon (1/15)

Altars:


Innate Abilities, Weirdness & Mutations

You are immune to sickness and miasma.
You are immune to poison.
Your flesh is very heat resistant. (rF++)
You are vulnerable to cold. (rC-)
You float through the air rather than walking.
You learn spells naturally, not from books.
Your magical power is your life essence.
You have superior vitality. (+4 MHP)


Message History

Press ? for a list of commands and other information.
Found a staircase leading out of the dungeon.
You begin with the following spells memorised: Summon Small Mammal, Call Imp, Call Canine Familiar, Summon Guardian Golem, Summon Lightning Spire.
You reach down and open the gate.
There is an open gate here.
A kobold comes into view. It is wielding a +3 short sword.
The kobold shouts!
A kobold is nearby!
The kobold hits you with a +3 short sword.
Casting: Summon Small Mammal (safe; 4% risk of failure)
Press: ? - help, Q - select action, (/) - cycle Dir - look around, f - activate The kobold hits you with a +3 short sword.
The kobold attacks as you move away!
The kobold hits you with a +3 short sword.
You swap places.
Your bat closely misses the kobold.
The kobold closely misses you.
Your bat hits the kobold but does no damage.
There is an open gate here.
Your bat barely misses the kobold.
Your bat closely misses the kobold.
The kobold hits your bat with a +3 short sword!
Your bat dies!
Your bat's corpse disappears in a puff of smoke!
You hit the plant.
The plant begins to die.
The plant is lightly damaged.
You hit the plant.
The plant is lightly damaged.
The kobold hits you with a +3 short sword.
* * * LOW HITPOINT WARNING * * *
Unknown command.
Unknown command.
You hit the plant.
The plant is lightly damaged.
The kobold misses you.
A nearby plant withers and dies.
You closely miss the kobold. The kobold misses you.
You barely miss the kobold. The kobold closely misses you.
You closely miss the kobold.
The kobold hits you with a +3 short sword.
You die...

#P....~≈≈≈# #.......≈≈#
#P.....~≈≈# #♣....~≈≈≈#
##### #♣....≈~≈≈# .....
#......~≈≈#
.....#########.....~≈≈#
............##....≈≈≈≈#
.....######.'..K@.~≈≈≈#
##### #.'......~≈≈#
#.'...♣..~≈≈#
####.....~≈≈#
#....~~≈≈# P♣P..~≈≈≈#
###########


You could see a kobold.

Vanquished Creatures (others)
  A plant (D:1)
1 creature vanquished.

Notes
Turn   | Place    | Note
-------+----------+-------------------------------------------
     0 | D:1      | wrenrar the Djinni Summoner began the quest for the Orb.
     0 | D:1      | wrenrar set off with the following spells memorised: Summon
                  | Small Mammal, Call Imp, Call Canine Familiar, Summon
                  | Guardian Golem, Summon Lightning Spire.
     0 | D:1      | Reached XP level 1. HP: 15/15 MP: 0/0
    54 | D:1      | Slain by a kobold

Illustrated notes

Levels and vault maps discovered:
D:1:      kennysheep_arrival_seaside, layout_rooms

Action                   || total
-------------------------++-------
Melee: Unarmed           ||     6
 Cast: Summon Small Mamm ||     1
Dodge: Dodged            ||     4
